 Dungeon Crawl Stone Soup version 0.17.0-73-gb648821 (webtiles) character file.

51 Rationalist the Shield-Bearer (level 4, -2/37 HPs)
             Began as a Formicid Fighter on Dec 9, 2015.
             Slain by Terence
             ... wielding a +0 short sword
              (5 damage)
             ... on level 2 of the Dungeon.
             The game lasted 00:01:39 (1145 turns).

Rationalist the Shield-Bearer (Formicid Fighter)    Turns: 1145, Time: 00:01:39

Health: -2/37      AC:  4    Str: 20    XL:     4   Next: 7%
Magic:  4/4        EV: 10    Int:  8    God:
Gold:   13         SH:  9    Dex: 11    Spells: 0 memorised, 3 levels left

rFire  . . .     SeeInvis +     a - +0 war axe
rCold  . . .     Clarity  .     o - +2 robe {MR+}
rNeg   . . .     SustAt   .     c - +0 shield
rPois  .         Gourm    .     (helmet unavailable)
rElec  .         Spirit   .     (no cloak)
rCorr  .         Warding  .     (no gloves)
rMut   .         Stasis   +     (no boots)
MR     +....                    (no amulet)
Stlth  +.........               (no ring)
                                (no ring)

@: somewhat resistant to hostile enchantments, very unstealthy
A: permanent stasis, dig shafts and tunnels, four strong arms, antennae 3
a: Dig, Shaft Self


You were on level 2 of the Dungeon.
You were not hungry.

You visited 1 branch of the dungeon, and saw 2 of its levels.

You collected 13 gold pieces.

Inventory:

Hand Weapons
 a - a +0 war axe (weapon)
Missiles
 j - 17 bolts
Armour
 c - a +0 shield (worn)
 o - a +2 robe of magic resistance (worn)
Scrolls
 f - 2 scrolls of fear {unknown}
 h - a scroll of amnesia {unknown}
 l - a scroll of remove curse {unknown}
 p - a scroll of enchant armour {unknown}
Potions
 b - a potion of heal wounds {unknown}
 d - 2 potions of poison {unknown}
 g - a potion of curing {unknown}
 k - a potion of degeneration {unknown}
Comestibles
 e - a bread ration
 i - a meat ration
 m - a slice of pizza
 n - a beef jerky


   Skills:
 + Level 4.0 Fighting
 + Level 2.0 Axes
 + Level 3.7 Armour
 + Level 0.5 Dodging
 + Level 4.3 Shields


You had 3 spell levels left.
You didn't know any spells.

Dungeon Overview and Level Annotations

Branches:
Dungeon (2/15)

Altars:

Annotations:
D:2 Robin, Terence


Innate Abilities, Weirdness & Mutations

You are under a permanent stasis effect.
You can dig through walls and to a lower floor.
Your four strong arms can wield two-handed weapons with a shield.
You have a pair of large antennae on your head (SInv).


Message History

The hobgoblin is almost dead.
You barely miss the goblin. Robin hits you with a whip.
The goblin hits you with a club.
* * * LOW HITPOINT WARNING * * *
The hobgoblin hits you.
* * * LOW HITPOINT WARNING * * *
You block the goblin's attack. Terence hits you but does no damage.
Are you sure you want to shaft yourself?
You feel somewhat more hungry. You block the goblin's attack.
The hobgoblin misses you. The goblin misses you. You block Robin's attack.
Terence barely misses you. The hobgoblin barely misses you.
The hobgoblin hits you.
* * * LOW HITPOINT WARNING * * *
You begin to dig a shaft.
You continue digging a shaft.
The goblin barely misses you. You block the hobgoblin's attack.
The goblin misses you.
Robin roars a battlecry!
The goblins go into a battle-frenzy!
Robin barely misses you. Terence hits you with a short sword.
You die...

.# .# .# #.# ##.##
{. #.# ##...##.###
#.###.K...#....
#.##.@gg...#.#
#....g@g.....#
#.##.)gg...###
#.###)....##
##.####...##
##########...####.##
.....รท.....#.<....#
.#########...######
#.#########.##
##..........#


You could see Terence, Robin, 3 hobgoblins, 2 goblins and a kobold.

Vanquished Creatures
  Jessica (D:2)
  An ooze (D:1)
  3 bats
  6 goblins
  3 hobgoblins (D:2)
  3 kobolds (D:1)
  A giant cockroach (D:1)
  3 rats (D:1)
21 creatures vanquished.

Notes
Turn   | Place    | Note
--------------------------------------------------------------
     0 | D:1      | Rationalist the Formicid Fighter began the quest for the Orb.
     0 | D:1      | Reached XP level 1. HP: 18/18 MP: 1/1
   225 | D:1      | Reached XP level 2. HP: 24/24 MP: 2/2
   884 | D:2      | Noticed Jessica
   907 | D:2      | Killed Jessica
   907 | D:2      | Reached skill level 4 in Fighting
   907 | D:2      | Reached XP level 3. HP: 16/30 MP: 3/3
  1133 | D:2      | Noticed Robin
  1138 | D:2      | Reached XP level 4. HP: 30/37 MP: 4/4
  1139 | D:2      | Noticed Terence
  1145 | D:2      | Slain by Terence

Action                   |  1- 3 |  4- 6 || total
-------------------------+-------+-------++-------
Melee: War axe           |    60 |     4 ||    64
 Abil: Shaft Self        |       |     1 ||     1
  Use: Potion            |     1 |       ||     1
  Eat: Chunk             |     1 |       ||     1
